 Dungeon Crawl Stone Soup version 0.26.0-20-g3ca415f5b8 (webtiles) character file.

Game seed: 8319188870696424166

25 kaeus the Firebug (level 2, 0/20 HPs)
             Began as a Draconian Fire Elementalist on Jan 25, 2021.
             Slain by a jackal (2 damage)
             ... on level 1 of the Dungeon.
             The game lasted 00:01:00 (1327 turns).

kaeus the Firebug (Draconian Fire Elementalist)     Turns: 1327, Time: 00:01:01

Health: 0/20       AC:  4    Str: 10    XL:     2   Next: 86%
Magic:  0/5        EV: 12    Int: 15    God:
Gold:   39         SH:  0    Dex: 11    Spells: 4/5 levels left

rFire    . . .     SeeInvis .   (no weapon)
rCold    . . .     Faith    .   (no shield)
rNeg     . . .     Spirit   .   (armour unavailable)
rPois    .         Reflect  .   (helmet restricted)
rElec    .         Harm     .   (no cloak)
rCorr    .         Rampage  .   (no gloves)
Will     .....                  (no boots)
Stlth    ++........             (no amulet)
HPRegen  0.06/turn              (no ring)
MPRegen  0.09/turn              (no ring)

@: no status effects
A: unfitting armour, cold-blooded, AC +4
a: no special abilities


You were on level 1 of the Dungeon.
You visited 1 branch of the dungeon, and saw 1 of its levels.

You collected 39 gold pieces.

Inventory:

Scrolls
 b - a scroll of immolation {unknown}
Potions
 a - a potion of magic {unknown}
 c - a potion of cancellation {unknown}
 d - a potion of mutation {unknown}


   Skills:
 + Level 2.0 Dodging
 - Level 1.7 Stealth
 + Level 2.2 Spellcasting
 * Level 1.7 Conjurations
 * Level 3.4 Fire Magic


You had 4 spell levels left.
You knew the following spells:

 Your Spells              Type           Power        Failure   Level
a - Foxfire               Conj/Fire      36%          8%          1

Your spell library contained the following spells:

 Spells                   Type           Power        Failure   Level
 Conjure Flame            Conj/Fire      9%           22%         3
 Inner Flame              Hex/Fire       6%           32%         3
 Sticky Flame             Conj/Fire      9%           58%         4
 Fireball                 Conj/Fire      4%           91%         5


Dungeon Overview and Level Annotations

Branches:
Dungeon (1/15)

Altars:


Innate Abilities, Weirdness & Mutations

Your plain brown scales are hard. (AC +4)
You cannot fit into any form of body armour.
You are cold-blooded and may be slowed by cold attacks.


Message History

Casting: Foxfire (safe; 8% risk of failure)
Confirm with . or Enter, or press ? or * to list all spells.
You conjure some foxfire!
The jackal barely misses you.
The jackal bites you but does no damage.
You now have 0/5 mp.
You barely miss the jackal.
The jackal is lightly wounded.
The foxfire hits the jackal.
The jackal is moderately wounded.
The foxfire hits the jackal.
The jackal is heavily wounded.
The jackal bites you but does no damage.
You hit the jackal.
The jackal is almost dead.
The jackal bites you.
* * * LOW HITPOINT WARNING * * *
The jackal misses you.
You take 2 damage, and have 2/20 hp.
The jackal bites you.
You die...

.# ###.......#.## ##..##.### .#
#.........#.# #..§...## .#
#.###...(...## ##...§[..# .##
#.##...≈≈≈≈..####..≈≈≈§... )†#
#.....≈≈≈≈≈≈......≈≈≈≈§≈.. #.#
#..##.≈≈≈≈≈≈..<>..≈≈≈≈≈≈.. #.#
#..##.≈≈≈≈≈≈......≈≈≈§≈≈.# #.#
#..##..≈≈≈≈........§≈≈≈..#
#.######..##)...@h...........§..#
#.........##.##..#..##.#.....[...
########............##.#.##.....#
#.............>...##.....#
#.....#..######.####.....#
#.#####..# #.......#...
#.#####..# ######....##
#.....#..###########.#.##
#####..............#.#.#


You could see a jackal.

Vanquished Creatures
  A dart slug (D:1)
  4 bats (D:1)
  2 giant cockroaches (D:1)
  3 goblins (D:1)
  4 hobgoblins (D:1)
  3 jackals (D:1)
  2 frilled lizards (D:1)
  A rat (D:1)
20 creatures vanquished.

Vanquished Creatures (others)
  55 foxfires (D:1)
55 creatures vanquished.

Grand Total: 75 creatures vanquished

Notes
Turn   | Place    | Note
-------+----------+-------------------------------------------
     0 | D:1      | kaeus the Draconian Fire Elementalist began the quest for
                  | the Orb.
     0 | D:1      | Reached XP level 1. HP: 14/14 MP: 3/3
   319 | D:1      | Reached XP level 2. HP: 20/20 MP: 0/5
  1327 | D:1      | Slain by a jackal

Illustrated notes

Levels and vault maps discovered:
D:1:      dpeg_arrival_pits, layout_loops_ring

Skill      XL: |  1  2 |
---------------+-------+-----
Dodging        | 2 |  2.0
Stealth        | |  1.7
Spellcasting   | |  2.2
Conjurations   | |  1.7
Fire Magic     | |  3.4

Action                   || total
-------------------------++-------
Melee: Unarmed           ||    63
       Tailslap          ||     6
 Cast: Foxfire           ||    51
Armor: Skin              ||    43
Dodge: Dodged            ||    75
